[Event "120'/40 Runde2"]
[Site "zt"]
[Date "2004.10.01"]
[Round "2"]
[White "Stürmer, Axel"]
[Black "Krauß, Rainer"]
[Result "1-0"]
[ECO "C48"]
[WhiteElo "1904"]
[BlackElo "1780"]
[Annotator ",Fred"]
[PlyCount "71"]
[EventDate "2004.??.??"]
[TimeControl "40/7200:0"]

{304MB, Fritz8.ctg, SCHACHCOM} 1. Nc3 Nf6 2. e4 e5 3. Nf3 Nc6 4. Bb5 Bc5 5.
Nxe5 Nxe5 6. d4 Bd6 7. f4 Bb4 8. fxe5 Nxe4 9. O-O Nxc3 10. bxc3 Bxc3 11. Rxf7
Bxa1 12. Rxg7 Qh4 13. Rg4 Qe7 14. Rg3 Qf7 15. e6 Qf5 16. exd7+ Bxd7 17. Rg5 Qf7
18. Re5+ Kd8 19. Bg5+ Kc8 20. Re7 Qd5 21. Bxd7+ Kb8 22. Bf6 Rg8 23. g3 Qd6 24.
Qg4 Rd8 25. Qg7 a5 26. Be5 Qb6 27. Kg2 Ka7 28. c4 Rg8 29. Qf6 Qb2+ 30. Kh3 Rg6
31. Qf4 Qxa2 32. Bb5 Bc3 33. Rxc7 Rb8 34. Rxh7 Rgg8 35. Qf6 Be1 36. Qa6# 1-0

[Event "120'/40 Runde2"]
[Site "zt"]
[Date "2004.10.01"]
[Round "2"]
[White "Meyer, Roland"]
[Black "Sanna, Guiseppe"]
[Result "1-0"]
[ECO "A53"]
[WhiteElo "2101"]
[BlackElo "1520"]
[Annotator ",Fred"]
[PlyCount "69"]
[EventDate "2004.??.??"]
[TimeControl "40/7200:0"]

{304MB, Fritz8.ctg, SCHACHCOM} 1. d4 Nf6 2. c4 d6 3. Nc3 c6 4.
e4 Nbd7 5. f4 e5 6. fxe5 dxe5 7. d5 Qc7 8. Bd3 Be7 9. Nge2 O-O 10. h3 Re8 11.
O-O Nf8 12. a3 a5 13. Kh1 Bd7 14. Be3 c5 15. Bc2 b6 16. Ba4 Bd6 17. Ng3 Bxa4
18. Qxa4 N8d7 19. Rf3 Rf8 20. Nb5 Qb8 21. Nf5 Bc7 22. Qc2 Ne8 23. Raf1 f6 24.
Qf2 Rf7 25. Qg3 Kh8 26. Qg4 Nf8 27. h4 Qd8 28. h5 Qd7 29. Rg3 Bb8 30. Bh6 Bc7
31. Bxg7+ Nxg7 32. h6 Ng6 33. hxg7+ Rxg7 34. Nxg7 Qxg4 35. Rxg4 1-0

[Event "120'/40 Runde2"]
[Site "zt"]
[Date "2004.10.01"]
[Round "2"]
[White "Jahn, Manfred"]
[Black "Geutebrueck, Seb"]
[Result "0-1"]
[ECO "D10"]
[WhiteElo "1596"]
[BlackElo "1923"]
[Annotator ",Fred"]
[PlyCount "64"]
[EventDate "2004.??.??"]
[TimeControl "40/7200:0"]

{304MB, Fritz8.ctg, SCHACHCOM} 1. d4 d5 2. c4 c6 3. Nc3 dxc4 4. e4 e5 5. Bxc4
Qxd4 6. Qb3 Qd7 7. Bg5 f6 8. Rd1 Qe7 9. Bxg8 fxg5 10. Nf3 Bg4 11. Bf7+ Qxf7 12.
Qxf7+ Kxf7 13. Nxe5+ Ke6 14. Nxg4 Bc5 15. Ke2 Nd7 16. Rd3 h5 17. Ne3 Ne5 18.
Rd2 Bxe3 19. fxe3 Rhf8 20. h3 Rf7 21. Rf1 Rxf1 22. Kxf1 Rf8+ 23. Ke1 g4 24.
hxg4 Nxg4 25. Re2 Ke5 26. a3 Rd8 27. Rd2 Rxd2 28. Kxd2 Nf2 29. Ne2 Nxe4+ 30.
Kd3 Nf2+ 31. Kd2 g5 32. Ke1 Nd3+ 0-1

[Event "120'/40 Runde2"]
[Site "zt"]
[Date "2004.10.01"]
[Round "2"]
[White "Hartmann, Thomas"]
[Black "Kühn, Bernd"]
[Result "1-0"]
[ECO "A35"]
[WhiteElo "1910"]
[BlackElo "1704"]
[Annotator ",Fred"]
[PlyCount "74"]
[EventDate "2004.??.??"]
[TimeControl "40/7200:0"]

{304MB, Fritz8.ctg, SCHACHCOM} 1. d4 Nf6 2. c4 c5 3. Nf3 cxd4 4. Nxd4 Nc6 5.
Nc3 g6 6. g3 Bg7 7. Bg2 O-O 8. Nc2 d6 9. O-O Bd7 10. Rb1 Qc8 11. b3 Bh3 12. e4
Bxg2 13. Kxg2 Rd8 14. Bb2 e6 15. Ne3 a6 16. f3 Qc7 17. Rf2 Rd7 18. Rd2 Rad8 19.
Qe2 Nh5 20. Rbd1 Bh6 21. Qf2 f5 22. exf5 gxf5 23. Ne2 Ne5 24. Nd4 Kf7 25. f4
Ng6 26. Nxe6 Kxe6 27. Nd5 Qc6 28. Qe2+ Kf7 29. Qxh5 Bxf4 30. Qxh7+ Ke8 31.
Qxg6+ Rf7 32. gxf4 Rdd7 33. Bf6 Kf8 34. Qh6+ Rg7+ 35. Bxg7+ Rxg7+ 36. Kf1 Qd7
37. Re2 Kg8 1-0

[Event "120'/40 Runde2"]
[Site "zt"]
[Date "2004.10.01"]
[Round "2"]
[White "Heinrich, Klaus"]
[Black "Sauter, Berthold"]
[Result "1-0"]
[ECO "A03"]
[WhiteElo "1844"]
[BlackElo "1421"]
[Annotator ",Fred"]
[PlyCount "77"]
[EventDate "2004.??.??"]
[TimeControl "40/7200:0"]

{304MB, Fritz8.ctg, SCHACHCOM} 1. f4 d5 2. Nf3 Nf6 3. e3 e6 4. b3 g6 5. Bb2 Bg7
6. Be2 Nbd7 7. O-O c5 8. Qe1 Qc7 9. Qh4 b6 10. a4 Bb7 11. Bb5 Bc6 12. Bxc6 Qxc6
13. Ne5 Nxe5 14. Bxe5 Nh5 15. g4 Bxe5 16. fxe5 Ng7 17. Qf6 O-O 18. Nc3 a6 19.
h4 d4 20. Nd1 dxe3 21. Nxe3 h5 22. Qg5 Qd7 23. gxh5 Nxh5 24. Ng4 Qd4+ 25. Kh2
Ra7 26. Nf6+ Nxf6 27. exf6 Kh7 28. Rae1 Qd6+ 29. Re5 Rd7 30. Rf2 Rh8 31. Kg1
Kg8 32. Re4 Rh5 33. Qg2 Qc7 34. Rg4 Kh7 35. Qa8 Rd8 36. Qxa6 Qe5 37. Qb7 Qe1+
38. Kg2 Qe5 39. Qxf7+ 1-0

[Event "120'/40 Runde2"]
[Site "zt"]
[Date "2004.10.01"]
[Round "2"]
[White "Grupp, Berthold"]
[Black "Böse, Martin"]
[Result "1-0"]
[ECO "A15"]
[WhiteElo "1730"]
[BlackElo "1550"]
[Annotator ",Fred"]
[PlyCount "29"]
[EventDate "2004.??.??"]
[TimeControl "40/7200:0"]

{304MB, Fritz8.ctg, SCHACHCOM} 1. Nf3 Nf6 2. c4 d6 3. g3 b6 4. Bg2 Bb7 5. O-O
e5 6. Nc3 g6 7. d3 Bg7 8. Bg5 O-O 9. Qd2 Re8 10. Nd5 c6 11. Nxf6+ Bxf6 12. Bxf6
Qxf6 13. Rac1 Nd7 14. Ng5 h6 15. Ne4 1-0

[Event "120'/40 Runde2"]
[Site "zt"]
[Date "2004.10.01"]
[Round "2"]
[White "Kelemen, Norbert"]
[Black "Gonzalez, Juan Jose"]
[Result "0-1"]
[ECO "B07"]
[WhiteElo "1542"]
[BlackElo "1697"]
[Annotator ",Fred"]
[PlyCount "84"]
[EventDate "2004.??.??"]
[TimeControl "40/7200:0"]

{304MB, Fritz8.ctg, SCHACHCOM} 1. e4 d6 2. d4 g6 3. Nf3 Bg7 4. c3 Nf6 5. Bd3
O-O 6. O-O Bg4 7. h3 Bxf3 8. Qxf3 Nbd7 9. Bg5 c5 10. Nd2 Qc7 11. Rac1 a6 12. b4
b5 13. Bf4 c4 14. Bc2 a5 15. a3 axb4 16. axb4 Nh5 17. Bg5 f6 18. Be3 Bh8 19.
Ra1 e5 20. Qg4 Ng7 21. Bh6 exd4 22. Bxg7 Bxg7 23. Qe6+ Kh8 24. cxd4 Rae8 25.
Qd5 Rb8 26. Ra5 Qb6 27. Nf3 f5 28. exf5 Nf6 29. Qe6 Rbe8 30. Qxe8 Rxe8 31. fxg6
Nd5 32. Rfa1 Nxb4 33. Ra8 Qc6 34. R8a7 Nxc2 35. R1a6 Qe4 36. gxh7 Nxd4 37. Ng5
Qe1+ 38. Kh2 Qe5+ 39. g3 Qxg5 40. Rxd6 Nf3+ 41. Kg2 Nh4+ 42. Kh2 Qe5 0-1

[Event "120'/40 Runde2"]
[Site "zt"]
[Date "2004.10.01"]
[Round "2"]
[White "Mouratidis, Charalampos"]
[Black "Goda, Frederic"]
[Result "1-0"]
[ECO "B08"]
[WhiteElo "1666"]
[BlackElo "1399"]
[Annotator ",Fred"]
[PlyCount "79"]
[EventDate "2004.??.??"]
[TimeControl "40/7200:0"]

{304MB, Fritz8.ctg, SCHACHCOM} 1. e4 d6 2. d4 Nf6 3. Nc3 g6 4. Bc4 Bg7 5. Nf3
O-O 6. h3 e5 7. dxe5 dxe5 8. Qxd8 Rxd8 9. Nxe5 Be6 10. Bxe6 fxe6 11. Nf3 Nc6
12. Bd2 a6 13. O-O-O h6 14. Bf4 b5 15. a3 Re8 16. e5 Nh7 17. Rd7 g5 18. Bh2
Rac8 19. g4 Nf8 20. Rd2 Ng6 21. Re1 Nb8 22. Ne4 Re7 23. Nc5 a5 24. Nd4 b4 25.
axb4 axb4 26. Ncxe6 Bxe5 27. Bxe5 c5 28. Bd6 cxd4 29. Bxe7 Nxe7 30. Rxd4 Nbc6
31. Rd6 Ra8 32. Kb1 Ra7 33. Nd4 Nxd4 34. Rxd4 Nc6 35. Rd6 Rc7 36. Ree6 Na5 37.
Rg6+ Kh7 38. Rxh6+ Kg7 39. Rdg6+ Kf7 40. Rxg5 1-0

[Event "120'/40 Runde2"]
[Site "zt"]
[Date "2004.10.01"]
[Round "2"]
[White "Wendel, Walter"]
[Black "Dymerets, Yosup"]
[Result "0-1"]
[ECO "B95"]
[WhiteElo "1400"]
[BlackElo "1600"]
[Annotator ",Fred"]
[PlyCount "60"]
[EventDate "2004.??.??"]
[TimeControl "40/7200:0"]

{304MB, Fritz8.ctg, SCHACHCOM} 1. e4 c5 2. Nf3 d6 3. Nc3 a6 4. d4 cxd4 5. Nxd4
Nf6 6. Bg5 e6 7. Qd2 Be7 8. Be3 Ng4 9. O-O-O Nxe3 10. Qxe3 Qc7 11. Kb1 Nd7 12.
Qd2 O-O 13. h4 Nb6 14. Nb3 Rd8 15. Be2 Nc4 16. Bxc4 Qxc4 17. Qd4 Qc7 18. g3 b5
19. Ne2 Bb7 20. f3 Rac8 21. Rc1 d5 22. Qe3 dxe4 23. f4 a5 24. Nbd4 a4 25. Nxb5
Qd7 26. Ned4 Bc5 27. c3 Qxb5 28. g4 Bxd4 29. cxd4 Qd3+ 30. Qxd3 exd3 0-1

[Event "120'/40 Runde2"]
[Site "zt"]
[Date "2004.10.01"]
[Round "2"]
[White "Andritzke, Karl-Heinz"]
[Black "Geisdorf, Uwe"]
[Result "0-1"]
[ECO "A02"]
[WhiteElo "1490"]
[BlackElo "1650"]
[Annotator ",Fred"]
[PlyCount "44"]
[EventDate "2004.??.??"]
[TimeControl "40/7200:0"]

{304MB, Fritz8.ctg, SCHACHCOM} 1. f4 e5 2. fxe5 d6 3. Nf3 Nc6 4. exd6 Bxd6 5.
e3 Bg4 6. Bb5 Nge7 7. O-O O-O 8. Bxc6 Nxc6 9. h3 Bh5 10. Qe1 Bg6 11. d3 Nb4 12.
Qd2 Bc5 13. Qc3 Qe7 14. Re1 Rfe8 15. Na3 Nd5 16. Qb3 Qd6 17.
Nc4 Qg3 18. Qxb7 Nf4 19. Nfe5 Qxe1+ 20. Kh2 Ne2 21. Bd2 Qxa1 22. Nxg6 Qg1# 0-1

[Event "120'/40 Runde1"]
[Site "zt"]
[Date "2004.09.17"]
[Round "1"]
[White "Geutebrueck, Seb"]
[Black "Hartmann, Thomas"]
[Result "1-0"]
[ECO "A46"]
[WhiteElo "1923"]
[BlackElo "1910"]
[Annotator "Fred"]
[PlyCount "39"]
[EventDate "2004.??.??"]
[TimeControl "40/7200:0"]

{304MB, Fritz8.ctg, SCHACHCOM} 1. d4 Nf6 2. Nf3 e6 3. e3 b6 4. Nbd2 Bb7 5. Bd3
d5 6. c3 Nbd7 7. O-O Bd6 8. Re1 Ne4 9. Nf1 f5 10. N3d2 Qh4 11. Qe2 O-O 12. f3
Rf6 13. fxe4 fxe4 14. Bc2 Raf8 15. g3 Rg6 16. Qg2 Qg5 17. b3 Ba6 18. c4 Rgf6
19. Bxe4 dxe4 20. Nxe4 1-0

[Event "120'/40 Runde2"]
[Site "zt"]
[Date "2004.10.01"]
[Round "2"]
[White "Lepschi, Albert"]
[Black "Scholz, Michael"]
[Result "1-0"]
[ECO "B30"]
[WhiteElo "1699"]
[BlackElo "1484"]
[Annotator ",Fred"]
[PlyCount "71"]
[EventDate "2004.??.??"]
[TimeControl "40/7200:0"]

{304MB, Fritz8.ctg, SCHACHCOM} 1. e4 c5 2. Nf3 Nc6 3. Bb5 Nd4 4. Nxd4 cxd4 5.
O-O a6 6. Ba4 b5 7. Bb3 e5 8. d3 Nf6 9. Bg5 Be7 10. Nd2 h6 11. Bh4 Nh7 12. Qh5
O-O 13. Bg3 Bg5 14. Qe2 d6 15. a4 bxa4 16. Bxa4 Be6 17. Bb3 Bxd2 18. Bxe6 Bb4
19. Bd5 Ra7 20. Ra4 a5 21. Rfa1 Rc7 22. f4 Qc8 23. Bb3 Rc5 24. fxe5 dxe5 25.
Bh4 Qc7 26. Rf1 Kh8 27. Be1 Bxe1 28. Rxe1 Ra8 29. Rea1 f6 30. Bc4 Rb8 31. b3
Ng5 32. Qd2 Ra8 33. h4 Nf7 34. b4 Rc6 35. Rxa5 Rc8 36. Ra7 1-0

[Event "120'/40 Runde3"]
[Site "zt"]
[Date "2004.10.15"]
[Round "3"]
[White "Oberst, Thomas"]
[Black "Stürmer, Axel"]
[Result "0-1"]
[ECO "C41"]
[WhiteElo "2280"]
[BlackElo "1904"]
[Annotator ",Fred"]
[PlyCount "86"]
[EventDate "2004.??.??"]
[TimeControl "40/7200:0"]

{304MB, Fritz8.ctg, SCHACHCOM} 1. e4 e5 2. Nf3 d6 3. d4 exd4 4. Nxd4 Nc6 5. Bc4
Be7 6. O-O Nxd4 7. Qxd4 Bf6 8. Qd5 Qd7 9. Rd1 a6 10. a4 Qe6 11. Qd3 Qg4 12. f3
Qh4 13. Nc3 Be5 14. f4 Bxc3 15. bxc3 Nf6 16. Ba3 O-O 17. Rf1 b5 18. Bb3 Re8 19.
Rae1 Bb7 20. e5 dxe5 21. fxe5 Rxe5 22. Be7 Qg4 23. Qd2 Rxe1 24. Rxe1 Re8 25.
axb5 axb5 26. h3 Qg6 27. Re5 Ne4 28. Qf4 Nxc3 29. g4 h6 30. Kh2 Nd5 31. Bxd5
Qxc2+ 32. Kg3 Bxd5 33. Rxd5 Rxe7 34. Rd2 Qb1 35. Kh2 Qe4 36. Qf2 Qe5+ 37. Kg2
g6 38. Ra2 b4 39. Ra8+ Kg7 40. Rb8 c5 41. Rc8 c4 42. Rc5 Qe4+ 43. Kh2 Qd3 0-1

[Event "120'/40 Runde3"]
[Site "zt"]
[Date "2004.10.15"]
[Round "3"]
[White "Geutebrueck, Sebastian"]
[Black "Schulze, Andreas"]
[Result "1/2-1/2"]
[ECO "A48"]
[WhiteElo "1923"]
[BlackElo "2060"]
[Annotator ",Fred"]
[PlyCount "35"]
[EventDate "2004.??.??"]
[TimeControl "40/7200:0"]

{304MB, Fritz8.ctg, SCHACHCOM} 1. d4 Nf6 2. Nf3 g6 3. c3 Bg7 4. Bg5 d5 5. Nbd2
Ne4 6. Nxe4 dxe4 7. Nd2 Qd5 8. Bf4 c5 9. e3 cxd4 10. exd4 O-O 11. Bc4 Qf5 12.
Bg3 b5 13. Bb3 Bb7 14. O-O b4 15. Qe2 bxc3 16. bxc3 Nd7 17. Bc2 Rac8 18. Bxe4
1/2-1/2

[Event "120'/40 Runde3"]
[Site "zt"]
[Date "2004.10.15"]
[Round "3"]
[White "Neidlinger, Markus"]
[Black "Meyer, Roland"]
[Result "0-1"]
[ECO "B33"]
[WhiteElo "2000"]
[BlackElo "2101"]
[Annotator ",Fred"]
[PlyCount "116"]
[EventDate "2004.??.??"]
[TimeControl "40/7200:0"]

{304MB, Fritz8.ctg, SCHACHCOM} 1. e4 c5 2. Nf3 Nc6 3. d4 cxd4 4. Nxd4 Nf6 5.
Nc3 e5 6. Ndb5 d6 7. Nd5 Nxd5 8. exd5 Nb8 9. c4 Be7 10. c5 O-O 11. Be3 f5 12.
cxd6 Bxd6 13. Qb3 f4 14. Bd2 a5 15. Rc1 Na6 16. Nxd6 Qxd6 17. Bxa5 Nc5 18. Qb6
Qxb6 19. Bxb6 Na4 20. Bc7 Nxb2 21. Bb5 Bf5 22. O-O Bd3 23. Bxd3 Nxd3 24. Rcd1
Rf7 25. d6 Ra3 26. Rb1 Rxa2 27. Rb4 Rd7 28. f3 Re2 29. Rfb1 Kf7 30. Rxb7 Ke6
31. R7b3 Re3 32. Rd1 Nf2 33. Rdb1 Nd1 34. g3 Re1+ 35. Kg2 Ne3+ 36. Kh3 Rxb1 37.
Rxb1 g5 38. Rb8 h5 39. Re8+ Kd5 40. gxf4 exf4 41. Bb6 Nc4 42. Bc7 Ne5 43. Rh8
g4+ 44. fxg4 hxg4+ 45. Kg2 Ke4 46. Re8 Kd4 47. Bb6+ Kd5 48. Bc7 Nd3 49. Rf8 Rh7
50. d7 f3+ 51. Kg3 Rxd7 52. Bb6 Ne5 53. Be3 Rh7 54. Bf4 Rh3+ 55. Kf2 Nd3+ 56.
Ke3 f2+ 57. Bg3 Rh8 58. Kxd3 Rxf8 0-1

[Event "120'/40 Runde3"]
[Site "zt"]
[Date "2004.10.08"]
[Round "3"]
[White "Lainburg, Viktor"]
[Black "Heinrich, Klaus"]
[Result "0-1"]
[ECO "A04"]
[WhiteElo "2070"]
[BlackElo "1844"]
[Annotator ",Fred"]
[PlyCount "60"]
[EventDate "2004.??.??"]
[TimeControl "40/7200:0"]

{304MB, Fritz8.ctg, SCHACHCOM} 1. Nf3 f5 2. g3 Nf6 3. Bg2 g6
4. O-O Bg7 5. c4 c6 6. d4 d5 7. Qc2 O-O 8. b3 Ne4 9. Nbd2 Nd7 10. Bb2 Ndf6 11.
Rac1 e6 12. Ne5 Nxd2 13. Qxd2 Nd7 14. Rfd1 Bf6 15. e3 Kg7 16. b4 Nxe5 17. dxe5
Be7 18. b5 Bd7 19. bxc6 bxc6 20. cxd5 cxd5 21. Bxd5 Rb8 22. Bb3 Rb7 23. Qe2 Qa5
24. Qf3 Rfb8 25. Rxd7 Rxd7 26. Qc6 Rbd8 27. Qxe6 Rc7 28. Qf7+ Kh6 29. Rxc7 Qe1+
30. Kg2 Rd2 0-1

[Event "120'/40 Runde3"]
[Site "zt"]
[Date "2004.10.15"]
[Round "3"]
[White "Wolf, Rainer"]
[Black "Fiedler, Peter"]
[Result "1/2-1/2"]
[ECO "A04"]
[WhiteElo "2048"]
[BlackElo "1766"]
[Annotator ",Fred"]
[PlyCount "68"]
[EventDate "2004.??.??"]
[TimeControl "40/7200:0"]

{304MB, Fritz8.ctg, SCHACHCOM} 1. Nf3 c5 2. e3 Nc6 3. d4 cxd4 4. exd4 d5 5. Be2
Nf6 6. O-O e6 7. Re1 Be7 8. Nbd2 O-O 9. c3 Qc7 10. Bd3 Bd6 11. c4 b6 12. b3 Bb7
13. Bb2 Rac8 14. cxd5 Nxd5 15. Rc1 Qd7 16. Ne5 Qd8 17. Ne4 Be7 18. Bb5 a6 19.
Bc4 Nb8 20. Bd3 Nd7 21. g3 h6 22. Nc4 N7f6 23. Ned6 Bxd6 24. Nxd6 Rxc1 25. Qxc1
Qd7 26. Nxb7 Qxb7 27. Bb1 Rc8 28. Qd2 Ne7 29. Qd3 b5 30. Re5 Ned5 31. a3 Qc6
32. Re1 Qb7 33. b4 Rc7 34. Rc1 Rxc1+ 1/2-1/2

[Event "120'/40 Runde3"]
[Site "zt"]
[Date "2004.10.15"]
[Round "3"]
[White "Dorer, Manfred"]
[Black "Mayer, Arnd"]
[Result "1-0"]
[ECO "B17"]
[WhiteElo "1799"]
[BlackElo "2020"]
[Annotator ",Fred"]
[PlyCount "79"]
[EventDate "2004.??.??"]
[TimeControl "40/7200:0"]

{304MB, Fritz8.ctg, SCHACHCOM} 1. e4 c6 2. d4 d5 3. Nc3 dxe4 4. Nxe4 Nd7 5. Nf3
Ngf6 6. Ng3 e6 7. Bd3 Bd6 8. Bd2 O-O 9. O-O Qc7 10. c4 c5 11. Bc3 Rd8 12. Qc2
h6 13. Rad1 a6 14. a3 Rb8 15. dxc5 Bxc5 16. b4 Be7 17. Qb2 b6 18. Ne5 Bb7 19.
Rfe1 Rbc8 20. Nxd7 Rxd7 21. Qe2 Rcd8 22. Bc2 Rc8 23. Rxd7 Qxd7 24. Bb3 Qc6 25.
f3 a5 26. Rd1 axb4 27. axb4 Nd5 28. Rxd5 exd5 29. Qxe7 dxc4 30. Bc2 Re8 31. Qh4
b5 32. Qg4 f6 33. Be4 Qb6+ 34. Kf1 Bc8 35. Qg6 Kf8 36. Nh5 Qc7 37. Bxf6 gxf6
38. Nxf6 Re6 39. Qg8+ Ke7 40. Nd5+ 1-0

[Event "120'/40 Runde3"]
[Site "zt"]
[Date "2004.10.15"]
[Round "3"]
[White "Nuber, Reinhard"]
[Black "Gebhardt, Uwe"]
[Result "1-0"]
[ECO "B06"]
[WhiteElo "1764"]
[BlackElo "1980"]
[Annotator ",Fred"]
[PlyCount "57"]
[EventDate "2004.??.??"]
[TimeControl "40/7200:0"]

{304MB, Fritz8.ctg, SCHACHCOM} 1. e4 g6 2. d4 Bg7 3. f4 d5 4. e5 c5 5. c3 cxd4
6. cxd4 Bf5 7. Nc3 h5 8. Qb3 Nc6 9. Be3 e6 10. Qxb7 Nge7 11. Bb5 Rc8 12. Nge2
O-O 13. Rc1 a5 14. Bxc6 Rxc6 15. Qb3 Rb6 16. Nb5 Be4 17. O-O Nf5 18. a4 Qe7 19.
Ng3 Nxg3 20. hxg3 Bh6 21. Qc3 Rfb8 22. Qc7 Qf8 23. Rc3 Qb4 24. b3 Bf8 25. Rfc1
R6b7 26. Qc6 Be7 27. Bf2 Bf5 28. Be1 Kg7 29. Re3 1-0

[Event "120'/40 Runde3"]
[Site "zt"]
[Date "2004.10.15"]
[Round "3"]
[White "Jehle, Bernhard"]
[Black "Hoffart, Alexander"]
[Result "0-1"]
[ECO "B07"]
[WhiteElo "1817"]
[BlackElo "1872"]
[Annotator ",Fred"]
[PlyCount "40"]
[EventDate "2004.??.??"]
[TimeControl "40/7200:0"]

{304MB, Fritz8.ctg, SCHACHCOM} 1. e4 g6 2. d4 Bg7 3. Nc3 d6 4. Be3 Nf6 5. a3
O-O 6. f4 Ng4 7. Bc1 c5 8. h3 cxd4 9. hxg4 dxc3 10. b3 Nc6 11. Be3 e5 12. f5
Nd4 13. Ne2 d5 14. fxg6 fxg6 15. Nxd4 exd4 16. Bxd4 Qe7 17. Bxg7 Qxe4+ 18. Qe2
Kxg7 19. O-O-O Qf4+ 20. Kb1 Bxg4 0-1

[Event "120'/40 Runde3"]
[Site "zt"]
[Date "2004.10.15"]
[Round "3"]
[White "Geisdorf, Uwe"]
[Black "Hartmann, Thomas"]
[Result "0-1"]
[ECO "E38"]
[WhiteElo "1650"]
[BlackElo "1910"]
[Annotator ",Fred"]
[PlyCount "75"]
[EventDate "2004.??.??"]
[TimeControl "40/7200:0"]

{304MB, Fritz8.ctg, SCHACHCOM} 1. d4 Nf6 2. c4 e6 3. Nc3 Bb4 4. Qc2 O-O 5. Nf3
c5 6. e3 Nc6 7. Bd3 d5 8. cxd5 Qxd5 9. O-O Bxc3 10. bxc3 c4 11. Be2 Ne4 12. Nd2
Nxd2 13. Qxd2 e5 14. Qc2 e4 15. Rb1 b5 16. Ba3 Re8 17. Bc5 a6 18. a4 Rb8 19.
axb5 axb5 20. Ra1 Qg5 21. Rfb1 Bh3 22. g3 h5 23. Ra6 Re6 24. Rb6 Rxb6 25. Bxb6
Ne7 26. Bc5 Nf5 27. Rxb5 h4 28. Ba3 hxg3 29. hxg3 Bg4 30. Bxc4 Bf3 31. Bxe6
fxe6 32. Kf1 Qh5 33. Ke1 Qh1+ 34. Kd2 Qf1 35. Rb1 Kh7 36. Bb4 Qxf2+ 37. Kc1
Qxe3+ 38. Kb2 0-1

[Event "120'/40 Runde3"]
[Site "zt"]
[Date "2004.10.15"]
[Round "3"]
[White "Krauß, Rainer"]
[Black "Topalovic, Ljubisav"]
[Result "1-0"]
[ECO "C46"]
[WhiteElo "1780"]
[BlackElo "1618"]
[Annotator ",Fred"]
[PlyCount "49"]
[EventDate "2004.??.??"]
[TimeControl "40/7200:0"]

{304MB, Fritz8.ctg, SCHACHCOM} 1. e4 e5 2. Nf3 Nc6 3. Nc3 Bc5 4. Nxe5 Bxf2+ 5.
Kxf2 Nxe5 6. d4 Nc6 7. Kg1 d6 8. Bb5 Bd7 9. Nd5 Nge7 10. Bg5 f6 11. Bxf6 O-O
12. Bxc6 gxf6 13. Bxb7 Rb8 14. Nxe7+ Qxe7 15. Bd5+ Kh8 16. Qf3 f5 17. Re1 fxe4
18. Rxe4 Qg5 19. Bf7 Qc1+ 20. Kf2 Qxc2+ 21. Ke3 Kg7 22. Rf1 Qxe4+ 23. Kxe4 Bc6+
24. d5 Rb4+ 25. Ke3 1-0

[Event "120'/40 Runde3"]
[Site "zt"]
[Date "2004.10.15"]
[Round "3"]
[White "Piontek, Carsten"]
[Black "Grupp, Berthold"]
[Result "0-1"]
[ECO "A46"]
[WhiteElo "1331"]
[BlackElo "1730"]
[Annotator ",Fred"]
[PlyCount "128"]
[EventDate "2004.??.??"]
[TimeControl "40/7200:0"]

{304MB, Fritz8.ctg, SCHACHCOM} 1. d4 e6 2. Nf3 Nf6 3. Bf4 Bd6 4. Bxd6 cxd6 5.
c3 b6 6. e3 Ba6 7. Bxa6 Nxa6 8. Nbd2 d5 9. O-O O-O 10. Re1 b5 11. a3 Nb8 12.
Qc2 Nc6 13. Rac1 Rc8 14. e4 dxe4 15. Nxe4 Nxe4 16. Qxe4 d5 17. Qe2 Qb6 18. Ne5
Nxe5 19. Qxe5 a5 20. Re2 b4 21. axb4 axb4 22. Rec2 b3 23. Rd2 Ra8 24. Rdd1 Ra2
25. Rb1 Rfa8 26. Qe2 R8a4 27. Re1 Qa7 28. Qb5 g6 29. Qxb3 Ra6 30. Qc2 Rb6 31.
h3 Qb7 32. Re2 Rb3 33. Qc1 Qb5 34. Rc2 Qd3 35. Qd2 Rxc3 36. Qxd3 Rxd3 37. Rc8+
Kg7 38. b4 Rdd2 39. b5 Rxf2 40. b6 Rxg2+ 41. Kh1 Rgb2 42. Rcc1 Rxb1 43. Rxb1
Ra8 44. Kg2 Kf6 45. Kf3 Ke7 46. Rc1 Ra3+ 47. Kg4 Rb3 48. Rc7+ Kf6 49. b7 h5+
50. Kh4 g5+ 51. Kxh5 Rxh3+ 52. Kg4 Rb3 53. Kh5 Kf5 54. Rxf7+ Ke4 55. Kxg5 Kxd4
56. Rf4+ Ke5 57. Rf7 d4 58. Rd7 Ke4 59. Kf6 Rb6 60. Ke7 e5 61. Kd8 Ke3 62. Kc7
Rb3 63. Rh7 d3 64. Rh3+ Kd4 0-1

[Event "120'/40 Runde3"]
[Site "zt"]
[Date "2004.10.15"]
[Round "3"]
[White "Gonzalez, Juan Jose"]
[Black "Huppertz, Anton"]
[Result "1/2-1/2"]
[ECO "B23"]
[WhiteElo "1697"]
[BlackElo "1172"]
[Annotator ",Fred"]
[PlyCount "121"]
[EventDate "2004.??.??"]
[TimeControl "40/7200:0"]

{304MB, Fritz8.ctg, SCHACHCOM} 1. e4 e6 2. d3 c5 3. f4 d5 4. Nc3 Nc6 5. Qf3 Nd4
6. Qf2 Nf6 7. h3 Nh5 8. Kd1 dxe4 9. Nxe4 Nf6 10. Bd2 Nxe4 11. dxe4 Qb6 12. Rb1
Bd7 13. Nf3 Nxf3 14. gxf3 Rd8 15. c4 a5 16. Bd3 Qa6 17. Ke2 b5 18. b3 Bc6 19.
Be3 Qb6 20. Rhc1 b4 21. Rg1 g6 22. Rg5 f5 23. Re1 Kd7 24. Kf1 Be7 25. Rg2 Kc8
26. Bc2 Rd7 27. Rd1 Rxd1+ 28. Bxd1 Rd8 29. Bc2 Qa7 30. Qe1 a4 31. Qxb4 cxb4 32.
Bxa7 axb3 33. axb3 Bf6 34. e5 Be7 35. Ke2 Kb7 36. Bf2 Ra8 37. Rg1 Ra5 38. Bd4
Bc5 39. Bxc5 Rxc5 40. Rd1 Kc7 41. Rd6 Bd7 42. Kd3 Rc6 43. Kd4 Rxd6+ 44. exd6+
Kxd6 45. c5+ Kc6 46. Kc4 Bc8 47. Kxb4 Ba6 48. Ka5 Be2 49. b4 Bxf3 50. Bb3 Kd7
51. Kb6 h6 52. Ba4+ Kc8 53. Be8 g5 54. Bf7 Bd5 55. fxg5 hxg5 56. c6 f4 57. Bh5
f3 58. Kc5 f2 59. Be2 Bg2 60. Ba6+ Kc7 61. b5 1/2-1/2

[Event "120'/40 Runde3"]
[Site "zt"]
[Date "2004.10.15"]
[Round "3"]
[White "Kühn, Bernd"]
[Black "Sanna, Guiseppe"]
[Result "1/2-1/2"]
[ECO "A04"]
[WhiteElo "1704"]
[BlackElo "1520"]
[Annotator ",Fred"]
[PlyCount "106"]
[EventDate "2004.??.??"]
[TimeControl "40/7200:0"]

{304MB, Fritz8.ctg, SCHACHCOM} 1. Nf3 d6 2. g3 Nf6 3. Bg2 e5 4. d3 Be7 5. e4
Bg4 6. Nbd2 Nbd7 7. O-O O-O 8. h3 Bxf3 9. Qxf3 c6 10. a4 d5 11. c3 Qc7 12. Re1
a5 13. Nf1 Rfe8 14. Ne3 Nb6 15. Ng4 Nbd7 16. Qf5 dxe4 17. dxe4 Bc5 18. Be3 Bxe3
19. Nxe3 Rad8 20. Red1 Qb6 21. Nc4 Qb3 22. Nxa5 Qxb2 23. Rab1 Qxc3 24. Nxb7 g6
25. Qg5 Rb8 26. Rbc1 Qb4 27. Nd6 Re6 28. Rxc6 Qxa4 29. Qc1 Kg7 30. h4 Rb1 31.
Qxb1 Qxc6 32. Qd3 Nc5 33. Qd2 Nb3 34. Nf5+ Kg8 35. Qh6 Ne8 36. Qg5 Kf8 37. h5
Qc2 38. Ne3 Qe2 39. hxg6 hxg6 40. Qh6+ Kg8 41. Bf1 Qh5 42. Qxh5 gxh5 43. Rd8
Nd4 44. Nd5 Kg7 45. Bh3 Nf6 46. Bxe6 Nxe6 47. Rd6 Nxe4 48. Rd7 Nf6 49. Nxf6
Kxf6 50. Ra7 Nd4 51. Kg2 Kg6 52. f3 f6 53. Kf2 Kg5 1/2-1/2

[Event "120'/40 Runde3"]
[Site "zt"]
[Date "2004.10.15"]
[Round "3"]
[White "Sauter, Berthold"]
[Black "Lepschi, Albert"]
[Result "0-1"]
[ECO "A11"]
[WhiteElo "1699"]
[BlackElo "1421"]
[Annotator ",Fred"]
[PlyCount "78"]
[EventDate "2004.??.??"]
[TimeControl "40/7200:0"]

{304MB, Fritz8.ctg, SCHACHCOM} 1. Nf3 c6 2. c4 d5 3. e3 Nf6 4. Nc3 Bg4 5. cxd5
Nxd5 6. Nxd5 Qxd5 7. Be2 g6 8. b3 Bg7 9. d4 O-O 10. O-O Nd7 11. Bb2 Rad8 12.
Qc2 Nb6 13. Rad1 Bf5 14. Bd3 Bxd3 15. Qxd3 c5 16. Ba3 cxd4 17. exd4 Rfe8 18.
Qc2 Qa5 19. Bc1 Nd5 20. Qb2 Qc3 21. Qd2 Rc8 22. Bb2 Qc2 23. Ne1 Qxd2 24. Rxd2
Bh6 25. Rd1 Nc3 26. Bxc3 Rxc3 27. f4 Rd8 28. g3 e5 29. Rf3 Rxf3 30. Nxf3 exf4
31. Re1 fxg3 32. hxg3 Kf8 33. Kf2 Bg7 34. Ke3 Re8+ 35. Kd3 Rxe1 36. Nxe1 Ke7
37. Nf3 h6 38. Ke4 h5 39. Nh4 a6 0-1

[Event "120'/40 Runde3"]
[Site "zt"]
[Date "2004.10.15"]
[Round "3"]
[White "Scholz, Michael"]
[Black "Jahn, Manfred"]
[Result "1-0"]
[ECO "B02"]
[WhiteElo "1484"]
[BlackElo "1596"]
[Annotator ",Fred"]
[PlyCount "51"]
[EventDate "2004.??.??"]
[TimeControl "40/7200:0"]

{304MB, Fritz8.ctg, SCHACHCOM} 1. e4 Nf6 2. Nc3 d5 3. exd5 Nxd5 4. Nxd5 Qxd5 5.
Nf3 Nc6 6. c3 Bg4 7. Be2 O-O-O 8. d4 e5 9. c4 Qe4 10. d5 Bxf3 11. gxf3 Qh4 12.
Be3 Bb4+ 13. Kf1 Qh3+ 14. Kg1 Rd6 15. Bg5 Rg6 16. f4 exf4 17. Bg4+ f5 18. Bxh3
Rxg5+ 19. Kf1 Ne5 20. b3 f3 21. Rg1 Rh5 22. Qd4 Re8 23. a3 Rxh3 24. axb4 Ng4
25. Rxg4 fxg4 26. Qxg4+ 1-0